 Dungeon Crawl Stone Soup version 0.19.5 (webtiles) character file.

28 QuCean the Stinger (level 3, -15/25 HPs)
             Began as a Formicid Venom Mage on May 9, 2017.
             Killed from afar by a giant cockroach (34 damage)
             ... with an exploding inner flame
             ... hexed by the player character
             ... on level 2 of the Dungeon.
             The game lasted 00:04:57 (1002 turns).

QuCean the Stinger (Formicid Venom Mage)            Turns: 1002, Time: 00:04:58

Health: -15/25     AC:  2    Str: 13    XL:     3   Next: 27%
Magic:  6/6        EV: 12    Int: 14    God:
Gold:   49         SH:  0    Dex: 11    Spells: 1 memorised, 5 levels left

rFire  . . .     SeeInvis +     i - +2 dagger (elec)
rCold  . . .     Gourm    .     a - +0 robe
rNeg   . . .     Faith    .     (no shield)
rPois  .         Spirit   .     (helmet unavailable)
rElec  .         Reflect  .     (no cloak)
rCorr  .         Harm     .     (no gloves)
MR     .....                    (no boots)
Stlth  ++........               (no amulet)
                                (no ring)
                                (no ring)

@: no status effects
A: permanent stasis, dig shafts and tunnels, four strong arms, antennae 3
a: Dig, Shaft Self


You were on level 2 of the Dungeon.
You were hungry.

You visited 1 branch of the dungeon, and saw 2 of its levels.

You collected 49 gold pieces.

Inventory:

Hand Weapons
 i - a +2 dagger of electrocution (weapon)
Missiles
 j - 6 stones (quivered)
Armour
 a - a +0 robe (worn)
Scrolls
 g - a scroll of immolation
 h - a scroll of magic mapping {unknown}
 k - a scroll of random uselessness {unknown}
Potions
 d - a potion of degeneration {unknown}
 e - 2 potions of curing {unknown}
Books
 b - a Young Poisoner's Handbook

   Spells                             Type                      Level
   a - Sting                          Conjuration/Poison           1
   b - Mephitic Cloud                 Conjuration/Poison/Air       3
   c - Olgreb's Toxic Radiance        Poison                       4
   d - Alistair's Intoxication        Transmutation/Poison         5
   e - Venom Bolt                     Conjuration/Poison           5
Comestibles
 c - 4 bread rations
 f - 2 chunks of flesh


   Skills:
 + Level 0.4 Fighting
 + Level 1.1 Short Blades
 + Level 2.0 Dodging
 + Level 2.5 Stealth
 + Level 0.2 Unarmed Combat
 + Level 2.3 Spellcasting
 + Level 5.7 Poison Magic


You had 5 spell levels left.
You knew the following spells:

 Your Spells              Type           Power        Failure   Level  Hunger
a - Sting                 Conj/Pois      #...         10%         1    #......


Dungeon Overview and Level Annotations

Branches:
Dungeon (1/15)

Altars:


Innate Abilities, Weirdness & Mutations

You are under a permanent stasis effect.
You can dig through walls and to a lower floor.
Your four strong arms can wield two-handed weapons with a shield.
You have a pair of large antennae on your head. (SInv)


Message History

You hit the giant cockroach.
The giant cockroach is heavily wounded.
The giant cockroach barely misses you.
You closely miss the giant cockroach.
The giant cockroach is heavily wounded.
The giant cockroach completely misses you.
The leopard gecko bites you but does no damage.
You barely miss the giant cockroach.
The giant cockroach is heavily wounded.
The giant cockroach barely misses you. The leopard gecko closely misses you.
You closely miss the giant cockroach.
The giant cockroach is heavily wounded.
The giant cockroach barely misses you. The leopard gecko bites you.
A gnoll comes into view. It is wielding a flail.
The gnoll shouts!
You hit the giant cockroach.
The giant cockroach explodes!
The fiery explosion engulfs you!
Ouch! That really hurt!
You die...

##.........########
................
#####......#####
#......#
#......##.#
#..........
#########.....###.#
#.....§§§.....+ ..
#....(@§§.....# .
#....l§.§.....#
#....<...##+###
#..g.......
#........###
..........#
...######## .g.


You could see 2 gnolls and a leopard gecko.

Vanquished Creatures
  2 worms (D:2)
  A dart slug (D:1)
  2 giant cockroaches
  2 goblins (D:1)
  3 hobgoblins
  3 bats (D:1)
  A frilled lizard (D:1)
  4 kobolds (D:1)
18 creatures vanquished.

Vanquished Creatures (others)
  4 toadstools (D:1)
4 creatures vanquished.

Grand Total: 22 creatures vanquished

Notes
Turn   | Place    | Note
-------+----------+-------------------------------------------
     0 | D:1      | QuCean the Formicid Venom Mage began the quest for the Orb.
     0 | D:1      | Reached XP level 1. HP: 13/13 MP: 3/3
   288 | D:1      | Reached XP level 2. HP: 17/19 MP: 0/5
   779 | D:1      | You fall through a shaft!
   791 | D:2      | Reached XP level 3. HP: 14/25 MP: 6/6
   950 | D:2      | Reached skill level 1 in Short Blades
  1002 | D:2      | Killed from afar by a giant cockroach

Skill      XL: |  1  2  3 |
---------------+----------+-----
Dodging        | 2 |  2.0
Short Blades   | 1 |  1.1
Fighting       | |  0.4
Stealth        | |  2.5
Unarmed Combat | |  0.2
Spellcasting   | |  2.3
Poison Magic   | |  5.7

Action                   || total
-------------------------++-------
Melee: Unarmed           ||    17
       Dagger            ||    55
 Cast: Sting             ||    12
 Abil: Dig               ||     2
  Use: Scroll            ||     3
Armor: Robe              ||    11
Dodge: Dodged            ||    63
